 Dungeon Sprint DCSS version 0.31-a0-983-g7b6862f502 (webtiles) character file.

Game seed: 8606764710870355618

1246 rocky1 the Spear-Bearer (level 8, -1/77 HPs)
             Began as a Minotaur Gladiator on Nov 3, 2023.
             Was a Follower of Okawaru.
             Slain by Erica
             ... wielding a +2 scimitar of flaming
              (4 damage)
             ... in the Dungeon (Sprint III: "The Ten Rune Challenge").
             The game lasted 00:02:45 (1061 turns).

rocky1 the Spear-Bearer (Minotaur Gladiator)        Turns: 1061, Time: 00:02:45

Health: -1/77      AC: 14    Str: 21    XL:     8   Next: 25%
Magic:  10/10      EV:  9    Int:  5    God:    Okawaru [*.....]
Gold:   52         SH:  0    Dex: 12    Spells: 7/7 levels left

rFire   . . .        a - +0 trident
rCold   . . .        (no shield)
rNeg    . . .        h - +0 plate armour
rPois   .            c - +0 hat
rElec   .            l - +0 cloak
rCorr   .            (no gloves)
SInv    .            (no boots)
Will    .....        (no amulet) Stlth
                     (no ring)
HPRegen 0.32/turn    (no ring)
MPRegen 0.12/turn

%: no teleportation
@: slowed, very slow
A: horns 2, retaliatory headbutt
a: Renounce Religion, Heroism


You were in the Dungeon.
You worshipped Okawaru.
Okawaru was aware of your devotion.
You visited 1 branch You collected 52 gold pieces.

Inventory:

Hand Weapons
 a - a +0 trident (weapon)
Missiles
 d - 3 throwing nets (quivered)
 e - a javelin
Armour
 b - a +0 leather armour
 c - a +0 hat (worn)
 h - a +0 plate armour (worn)
 l - a +0 cloak (worn)
Scrolls
 k - a scroll of blinking
 n - 2 scrolls of immolation
Potions
 g - a potion of heal wounds
 i - 2 potions of magic
 m - 3 potions of mutation
 q - 3 potions of enlightenment


   Skills:
 + Level 8.8 Fighting
 * Level 14.9 Polearms
 + Level 4.3 Throwing
 + Level 6.3 Armour
 + Level 9.5 Dodging
 - Level 1.4 Stealth
 * Level 4.2 Invocations


You had 7 spell levels left.
You didn't know any spells.
Your spell library contained the following spells:

 Spells                   Type           Power      Damage    Failure   Level
 Apportation              Tloc           0%         N/A       100%        1
 Jinxbite                 Hex            0%         N/A       100%        2
 Alistair's Intoxication  Tmut/Pois      0%         N/A       100%        5


Dungeon Overview and Level Annotations

Branches:
Dungeon (1/1)

Altars:
Cheibriados
Dithmenos
Elyvilon
Fedhas
Gozag
Hepliaklqana
Kikubaaqudgha
Makhleb
Nemelex Xobeh
Okawaru
Qazlal
Ru
Sif Muna
Trog
Uskayaw
Vehumet
Wu Jian
Xom
Yredelemnul
Zin
The Shining One
Jiyva
Lugonu

Annotations:
D Erica


Innate Abilities, Weirdness & Mutations

You have a pair of horns on your head.
You reflexively headbutt those who attack you in melee.


Message History

The lance of force hits you but does no damage.
Something hits you. Something burns you. Something hits you.
Something burns you.
You're too confused to move!
You feel less confused.
Something hits you but does no damage. x2
You closely miss something.
You hear some strange, mumbled words.
You feel as though you will be slow longer.
You closely miss something. Your headbutt misses something.
Something hits you but does no damage.
You hit something but do no damage. Something hits you! Something burns you.
* * * LOW HITPOINT WARNING * * *
You puncture something! Something hits you!
* * * LOW HITPOINT WARNING * * *
Something burns you.
* * * LOW HITPOINT WARNING * * *
You hit something. You completely miss something.
You hear some strange, mumbled words.
A bolt of poison appears from out of thin air!
The bolt of poison hits you.
You are lethally poisoned!
* * * LOW HITPOINT WARNING * * *
Unknown command.
You feel better.
Something hits you but does no damage. x2
You feel much better. Something hits you!
* * * LOW HITPOINT WARNING * * *
Something burns you.
* * * LOW HITPOINT WARNING * * *
You miss something. Your headbutt misses something. Something hits you!
* * * LOW HITPOINT WARNING * * *
Something burns you.
* * * LOW HITPOINT WARNING * * *
You hit something but do no damage. Your headbutt misses something.
Something completely misses you.
You hit something but do no damage. Your headbutt misses something.
Something hits you but does no damage.
You barely miss something. Something hits you.
You die...

##.############
##..#___#___#__#
.#..#...#__)#._#
.#..###)#÷###)##
'#..#..........#
#...'.⌠........#
#!..#...######'#
....#.⌠.#__#...#+#####
....#...#__#...#@{§~~+
....#)###__#...#.#§~~#
....#...#__#...'.#.§§#
....#___#__'...#.#.§§#
▓▓▓▓▓▓▓▓▓▓▓▓▓▓▓▓▓▓▓▓▓▓


There were no monsters in sight!

Vanquished Creatures
  A deep elf pyromancer (D)
  A shadow (D)
  A spatial vortex (D)
  A necrophage (D)
  A water elemental (D)
  A jelly (D)
  Crazy Yiuf (D)
  An arcanist (D)
  Jessica (D)
  A necromancer (D)
  3 humans (D)
  A kobold demonologist (D)
  3 rats (D)
17 creatures vanquished.

Notes
Turn   | Place    | Note
-------+----------+-------------------------------------------
     0 | D        | rocky1 the Minotaur Gladiator began the quest for the Orb.
     0 | D        | Reached XP level 1. HP: 18/18 MP: 0/0
    13 | D        | Reached skill level 4 in Polearms
    29 | D        | Noticed Jessica
    37 | D        | Killed Jessica
    38 | D        | Reached skill level 5 in Polearms
    38 | D        | Reached skill level 5 in Dodging
    38 | D        | Reached XP level 2. HP: 7/26 MP: 1/1
   223 | D        | Reached skill level 6 in Polearms
   223 | D        | Reached XP level 3. HP: 17/33 MP: 2/2
   432 | D        | Noticed Crazy Yiuf
   436 | D        | Killed Crazy Yiuf
   437 | D        | Reached skill level 1 in Armour
   437 | D        | Reached XP level 4. HP: 41/41 MP: 3/3
   469 | D        | Noticed a water elemental
   475 | D        | Killed a water elemental
   476 | D        | Reached skill level 5 in Fighting
   476 | D        | Reached skill level 8 in Polearms
   636 | D        | Found a hide-covered altar of Uskayaw.
   636 | D        | Found an iron altar of Okawaru.
   636 | D        | Found a bloodstained altar of Trog.
   636 | D        | Found an ornate altar of the Wu Jian Council.
   636 | D        | Noticed a human
   636 | D        | Noticed a human
   647 | D        | Killed a human
   648 | D        | Reached skill level 10 in Polearms
   648 | D        | Reached skill level 1 in Stealth
   648 | D        | Reached XP level 5. HP: 22/51 MP: 4/4
   656 | D        | Killed a human
   657 | D        | Reached skill level 11 in Polearms
   657 | D        | Reached XP level 6. HP: 27/60 MP: 5/5
   661 | D        | Became a worshipper of Warmaster Okawaru
   787 | D        | Found a radiant altar of Vehumet.
   787 | D        | Found a shimmering blue altar of Sif Muna.
   787 | D        | Found an ancient bone altar of Kikubaaqudgha.
   897 | D        | Found a basalt altar of Yredelemnul.
   897 | D        | Found a shadowy altar of Dithmenos.
   897 | D        | Found a sacrificial altar of Ru.
   909 | D        | Reached skill level 12 in Polearms
   909 | D        | Reached skill level 1 in Invocations
   913 | D        | Reached XP level 7. HP: 66/67 MP: 5/7
   920 | D        | Noticed a shadow
   928 | D        | Killed a shadow
   929 | D        | Reached skill level 13 in Polearms
   929 | D        | Reached skill level 5 in Armour
   944 | D        | Found a blossoming altar of Fedhas.
   944 | D        | Found a stormy altar of Qazlal.
   944 | D        | Found a snail-covered altar of Cheibriados.
   944 | D        | Found a burning altar of Makhleb.
   944 | D        | Found a shimmering altar of Xom.
   944 | D        | Noticed a spatial vortex
   953 | D        | Killed a spatial vortex
   953 | D        | Reached * piety under Okawaru
   955 | D        | Found a hazy altar of Hepliaklqana.
   955 | D        | Found an opulent altar of Gozag.
   955 | D        | Found a sparkling altar of Nemelex Xobeh.
   955 | D        | Found a corrupted altar of Lugonu.
   955 | D        | Found a viscous altar of Jiyva.
   988 | D        | Found a glowing silver altar of Zin.
   988 | D        | Found a glowing golden altar of the Shining One.
   988 | D        | Found a white marble altar of Elyvilon.
   988 | D        | Noticed a deep elf pyromancer
   993 | D        | Killed a deep elf pyromancer
   994 | D        | Reached skill level 14 in Polearms
   994 | D        | Reached XP level 8. HP: 76/77 MP: 8/10
  1021 | D        | Noticed Erica
  1058 | D        | HP: 2/77 [something (4)]
  1061 | D        | Slain by Erica

Illustrated notes

Levels and vault maps discovered:
D:        dungeon_sprint_mu [sprint_mu_entry_cave, sprint_mu_temple_rooms,
          sprint_mu_d1_horrors, sprint_mu_d2_genie, sprint_mu_d3_branching,
          sprint_mu_orc_legion, sprint_mu_elf_gauntlet, sprint_mu_hive_nellie,
          sprint_mu_lair_fedhas, sprint_mu_vaults_butterflies,
          sprint_mu_slime_circle, sprint_mu_swamp_cave, sprint_mu_snake_twists,
          sprint_mu_blade_basic, sprint_mu_crypt_fortress,
          sprint_mu_tomb_spiral, sprint_mu_vestibule_basic,
          sprint_mu_gehenna_hellfire, sprint_mu_dis_giant,
          sprint_mu_tartarus_statrot, sprint_mu_cocytus_islands, sprint_mu_zot1]

Skill      XL: |  1  2  3  4  5  6  7 |
---------------+----------------------+-----
Polearms       | 5 6 10 11 12 14 | 14.9
Fighting       | 3 4 6 7 8 |  8.8
Dodging        | 5 6 7 8 9 |  9.5
Throwing       | 3 4 |  4.3
Armour         | 1 3 4 6 |  6.3
Stealth        | 1 |  1.4
Invocations    | 1 4 |  4.2

Action                     |  1- 3 |  4- 6 |  7- 9 || total
---------------------------+-------+-------+-------++-------
  Melee: Trident           |    18 |    54 |    47 ||   119
         Headbutt          |     5 |     7 |    10 ||    22
    Use: Scroll            |       |     3 |       ||     3
         Potion            |       |     2 |     2 ||     4
   Stab: Sleeping          |     1 |       |     1 ||     2
 Armour: Leather armour    |     6 |     5 |       ||    11
         Plate armour      |       |    14 |    25 ||    39
  Dodge: Dodged            |     8 |    10 |     6 ||    24

Table legend: (Time is in decaauts)
 A = Elapsed time spent in this place.
 B = Non-inter-level travel time spent in this place.
 C = Inter-level travel time spent in this place.
 D = Time resting spent in this place.
 E = Time spent auto-exploring this place.
 F = Levels seen in this place.
 G = Mean time per level.
                   A        B        C        D        E       F      G
               +--------+--------+--------+--------+--------+-----+--------+
         Total |   1040 |   1040 |      0 |    700 |      0 |   1 | 1040.0 |
       Dungeon |   1040 |   1040 |      0 |    700 |      0 |   1 | 1040.0 |
               +--------+--------+--------+--------+--------+-----+--------+

Top non-repeatable levels by time:
       D: 1040 daAuts
